 Dungeon Crawl Stone Soup version 0.26.1-11-gd32895ea62 (webtiles) character file.

Game seed: 10285122244412111408

522 infcreate the Sneak (level 7, -8/39 HPs)
             Began as a Vampire Enchanter on Apr 19, 2021.
             Killed by divine providence
             ... invoked by an orc priest
              (15 damage)
             ... on level 4 of the Dungeon.
             The game lasted 00:10:39 (4820 turns).

infcreate the Sneak (Vampire Enchanter)             Turns: 4820, Time: 00:10:39

Health: -8/39      AC:  4    Str:  7    XL:     7   Next: 2%
Magic:  1/11       EV: 14    Int: 17    God:
Gold:   149        SH:  0    Dex: 17    Spells: 6/12 levels left

rFire    . . .     SeeInvis +   a - +1 dagger
rCold    + + .     Faith    .   (no shield)
rNeg     + + +     Spirit   .   b - +0 robe
rPois    ∞         Reflect  .   (no helmet)
rElec    .         Harm     .   p - +0 cloak {Stlth+}
rCorr    .         Rampage  .   (no gloves)
Will     .....                  h - +0 pair of boots
Stlth    ++++++....             (no amulet)
HPRegen  0.00/turn              (no ring)
MPRegen  0.12/turn              (no ring)

@: bloodless
A: fangs 3, see invisible, unbreathing
a: Bat Form, Revivify


You were on level 4 of the Dungeon.
You visited 2 branches of the dungeon, and saw 5 of its levels.

You collected 149 gold pieces.


Innate Abilities, Weirdness & Mutations

You do not regenerate when monsters are visible.
You are frail without blood (-20% HP).
You can heal yourself when you bite living creatures.
You are immune to poison.
You have razor-sharp teeth.
You have supernaturally acute eyesight. (SInv)
You can survive without breathing.


   Skills:
 + Level 1.7 Fighting
 * Level 3.6 Short Blades
 * Level 4.0 Dodging
 * Level 6.7 Stealth
 * Level 3.2 Spellcasting
 * Level 6.2 Hexes


You had 6 spell levels left.
You knew the following spells:

 Your Spells              Type           Power        Failure   Level
c - Corona                Hex            26%          1%          1
e - Ensorcelled Hibernat  Hex/Ice        26%          7%          2
t - Confusing Touch       Hex            24%          4%          3

Your spell library contained the following spells:

 Spells                   Type           Power        Failure   Level
 Tukima's Dance           Hex            24%          4%          3
 Dazzling Flash           Conj/Hex       26%          14%         3

Inventory:

Hand Weapons
 a - a +1 dagger (weapon)
 l - a +0 rapier
Missiles
 o - 2 throwing nets {=f}
Armour
 b - a +0 robe (worn)
 h - a +0 pair of boots (worn)
 p - a +0 cloak of stealth (worn)
Magical Staves
 n - a cursed staff of death {!a}
 q - an uncursed staff of poison {!a, unknown}
Jewellery
 Z - an uncursed ring of wizardry
Scrolls
 d - a scroll of fear {unknown}
 e - a scroll of magic mapping
 g - a scroll of identify {@r1}
 i - 2 scrolls of enchant weapon {unknown}
 j - 2 scrolls of teleportation {unknown}
 m - a scroll of remove curse {@r2}
Potions
 c - a potion of berserk rage {unknown}
 f - a potion of mutation {unknown}
 k - 3 potions of curing {@q1}
 r - a potion of magic {unknown}

Dungeon Overview and Level Annotations

Branches:
Dungeon (4/15)             Temple (1/1) D:4

Altars:
Elyvilon
Fedhas
Hepliaklqana
Kikubaaqudgha
Makhleb
Nemelex Xobeh
Okawaru
Qazlal
Ru
Trog
Vehumet
The Shining One

######### #.###.#####
###.......#
#.#........
#.........#
#.#.#.####.
#.........# #.#.#.#
#.
#.........###.....#
#.
#.............######.
#..##.#.####### #....
##.#..##.#.# #....
......o@...######
#....
####.######.....#
#.... #.....## #....
.# #......# ###.#
....###......# #.#
............†# #.#
#....###.####.# #.#
#.#.# #.####.# #.#
#.#.# #......# #.#


You could see an orc priest.


Message History

The orc priest is moderately wounded.
The orc priest hits you but does no damage.
You closely miss the orc priest.
The orc priest is moderately wounded.
You hit the orc priest.
The orc priest is moderately wounded.
The orc priest hits you with a +0 flail.
You hit the orc priest.
You bite the orc priest, but do no damage.
The orc priest is heavily wounded.
The orc priest barely misses you.
You hit the orc priest.
The orc priest is heavily wounded.
You hit the orc priest.
The orc priest is severely wounded.
The orc priest hits you with a +0 flail!
* * * LOW HITPOINT WARNING * * *
You hit the orc priest.
The orc priest is severely wounded.
The orc priest closely misses you.
You hit the orc priest.
The orc priest is severely wounded.
You hit the orc priest.
The orc priest is almost dead.
The orc priest completely misses you.
You hit the orc priest.
The orc priest is almost dead.
The orc priest calls down the wrath of Beogh upon you.
Beogh smites you!
You die...

Skill      XL: |  1  2  3  4  5  6 |
---------------+-------------------+-----
Short Blades   | 2 3 |  3.6
Stealth        | 5 6 |  6.7
Hexes          | 5 6 |  6.2
Dodging        | 3 4 |  4.0
Fighting       | 1 |  1.7
Spellcasting   | 3 |  3.2

Action                   |  1- 3 |  4- 6 |  7- 9 || total
-------------------------+-------+-------+-------++-------
Melee: Dagger            |    49 |   155 |    14 ||   218
       Bite              |     1 |    13 |     1 ||    15
       Rapier            |       |    57 |       ||    57
 Cast: Corona            |     8 |     9 |       ||    17
       Ensorcelled Hiber |    19 |    36 |     3 ||    58
       Confusing Touch   |       |     7 |       ||     7
 Abil: Exsanguinate      |     1 |       |       ||     1
  Use: Scroll            |       |     4 |       ||     4
 Stab: Sleeping          |    26 |    36 |     2 ||    64
       Confused          |       |     9 |       ||     9
Armor: Robe              |     7 |    46 |     1 ||    54
Dodge: Dodged            |    17 |   136 |     3 ||   156

Levels and vault maps discovered:
D:1:      dpeg_arrival_rhombi, layout_basic, hex_large
D:2:      layout_loops_ring, kennysheep_potato
D:3:      layout_rooms, serial_corexii_hall, corexii_hall_statues_i,
          chequers_hall_statues_y, minmay_goblin_kobold_house,
          uniq_crazy_yiuf_cottage
D:4:      minmay_chambers_of_threes, layout_loops_cross,
          nicolae_qazlal_general_emergency, minmay_temple_entry_nine_rooms,
          corexii_corridor_pit, uniq_natasha
Temple:   minmay_temple_curvy_loop

Notes
Turn   | Place    | Note
-------+----------+-------------------------------------------
     0 | D:1      | infcreate the Vampire Enchanter began the quest for the
                  | Orb.
     0 | D:1      | Reached XP level 1. HP: 13/13 MP: 3/3
   327 | D:1      | Reached XP level 2. HP: 15/15 MP: 5/5
   350 | D:1      | Learned a level 2 spell: Ensorcelled Hibernation
   870 | D:1      | Reached skill level 2 in Short Blades
   870 | D:1      | Reached XP level 3. HP: 20/20 MP: 2/6
  1373 | D:2      | Learned a level 3 spell: Confusing Touch
  1519 | D:2      | Reached skill level 5 in Stealth
  1566 | D:2      | Reached skill level 5 in Hexes
  1566 | D:2      | Reached XP level 4. HP: 24/24 MP: 7/7
  2554 | D:3      | Reached skill level 3 in Dodging
  2867 | D:3      | Reached skill level 1 in Fighting
  2867 | D:3      | Reached XP level 5. HP: 29/29 MP: 4/8
  3296 | D:3      | Reached skill level 3 in Short Blades
  3553 | D:3      | Found a runed translucent door.
  3554 | D:3      | Noticed Crazy Yiuf
  3565 | D:3      | Killed Crazy Yiuf
  3566 | D:3      | Reached skill level 6 in Stealth
  3566 | D:3      | Reached XP level 6. HP: 34/34 MP: 4/10
  3743 | D:4      | Found a staircase to the Ecumenical Temple.
  3758 | Temple   | Entered the Ecumenical Temple
  4089 | D:4      | Found a stormy altar of Qazlal.
  4241 | D:4      | Reached skill level 3 in Spellcasting
  4245 | D:4      | Noticed Natasha
  4262 | D:4      | Reached skill level 6 in Hexes
  4281 | D:4      | Killed Natasha
  4594 | D:4      | Noticed Natasha
  4726 | D:4      | Killed Natasha
  4727 | D:4      | Reached skill level 4 in Dodging
  4804 | D:4      | Reached XP level 7. HP: 29/39 MP: 6/11
  4820 | D:4      | Killed from afar by an orc priest

Vanquished Creatures
  A scorpion (D:4)
  3 orc priests
  3 orc wizards
  Crazy Yiuf (D:3)
  Natasha (twice) (D:4)
  An iguana (D:3)
  5 gnolls
  5 adders
  An ufetubus (D:4)
  3 dart slugs (D:1)
  5 leopard geckos
  8 orcs
  6 giant cockroaches
  6 goblins
  13 hobgoblins
  4 jackals (D:3)
  3 kobolds
  A quokka (D:4)
  6 bats
  5 frilled lizards
  12 rats
94 creatures vanquished.

Table legend: (Time is in decaauts)
 A = Elapsed time spent in this place.
 B = Non-inter-level travel time spent in this place.
 C = Inter-level travel time spent in this place.
 D = Time resting spent in this place.
 E = Time spent auto-exploring this place.
 F = Levels seen in this place.
 G = Mean time per level.
                   A        B        C        D        E       F      G
               +--------+--------+--------+--------+--------+-----+--------+
         Total |   4791 |   4653 |    138 |     39 |   3619 |   5 |  958.2 |
       Dungeon |   4558 |   4443 |    115 |     39 |   3411 |   4 | 1139.5 |
        Temple |    232 |    209 |     23 |      0 |    208 |   1 |  232.0 |
               +--------+--------+--------+--------+--------+-----+--------+

Top non-repeatable levels by time:
     D:1: 1313 daAuts
     D:3: 1198 daAuts
     D:2: 1159 daAuts
     D:4: 888 daAuts
  Temple: 232 daAuts

Table legend:
 A = Non-vault XP
 B = Vault XP
 C = Vault XP percentage of total XP
 D = Non-vault monster count
 E = Vault monster count
 F = Vault count percentage of total count
                 A         B        C        D         E       F
            +---------+---------+-------+---------+---------+-------
      Total |     658 |      89 |  11.9 |      82 |      12 |  12.8
            +---------+---------+-------+---------+---------+-------
        D:1 |      59 |       0 |   0.0 |      26 |       0 |   0.0
        D:2 |      67 |       4 |   5.6 |      13 |       3 |  18.8
        D:3 |     214 |      50 |  18.9 |      26 |       8 |  23.5
        D:4 |     318 |      35 |   9.9 |      17 |       1 |   5.6
            +---------+---------+-------+---------+---------+-------
